Description

TvT Proxy 2-rax Reaper into Proxy Banshee

  • 16 rax
  • 16 gas
  • 17 rax
  • 19 orbital + reaper
  • 20 depot
  • 20-21 2nd gas
  • 2:30 (after 3 reaper) - factory at home
    • 1-2 x Cyclone
    • Tech lab
    • Tank production
  • @fact proxy starport
    • After 3 banshees swap off and fly back a little and build a reactor for medivac production
  • Add 2 more barracks, ebay then 2 more barracks for full 5-rax + factory 2-base setup

Notes: 3 reapers, slight gap in production up to 5 reapers max (can stop at 3) Float 1 barracks to scout, 1 barracks goes home Can land scouting barracks in their base and harass the mineral line with rando marines

VOD

https://youtu.be/eYKirtngVx8

Replay - TvT proxy reaper + Proxy banshee into Mass Marine YOLO

Build Order

Get SALT Encoding   

  12  0:00  SCV  
  13  0:13  SCV  
  14  0:19  Supply Depot  
  14  0:25  SCV  
  15  0:40  SCV  
  15  0:42  Barracks  
  16  0:48  Refinery  
  16  0:52  SCV  
  17  1:05  Barracks  
  17  1:10  SCV  
  18  1:16  Refinery  
  18  1:22  SCV  
  19  1:32  Reaper  
  20  1:37  Orbital Command  
  20  1:51  Supply Depot  
  20  1:52  Reaper  
  21  2:03  SCV  
  21  2:04  Reaper  
  23  2:24  Reaper  
  23  2:45  SCV  
  23  2:46  Factory  
  24  2:53  Command Center  
  24  3:04  SCV, Reaper  
  26  3:09  Supply Depot  
  26  3:14  Reaper  
  25  3:36  Factory Tech Lab  
  27  3:47  Starport  
  26  3:53  Supply Depot  
  27  4:00  Hellion  
  29  4:09  Orbital Command  
  25  4:28  Starport Tech Lab  
  26  4:42  Cyclone  
  31  4:50  Orbital Command  
  30  4:55  Barracks  
  30  4:58  Cloaking Field  
  31  5:09  Banshee  
  35  5:15  Command Center  
  36  5:25  Barracks  
  40  5:43  Barracks Tech Lab  
  41  5:50  Barracks Reactor, Barracks  
  41  5:52  Banshee  
  41  5:54  Refinery  
  44  6:03  Combat Shield  
  47  6:15  Marine  
  47  6:16  Barracks Reactor  
  50  6:26  Marine x2  
  50  6:27  Orbital Command  
  52  6:35  Banshee  
  55  6:53  Barracks Reactor, Marine x4  
  58  6:59  Engineering Bay x2  
  63  7:11  Marine  
  65  7:26  Marine x2  
  65  7:29  Banshee  
  73  7:46  Stimpack  
  73  7:49  Terran Infantry Armor Level 1, Terran Infantry Weapons Level 1  
  73  7:50  Barracks x3  
  74  7:52  Armory  
  74  7:55  Supply Depot  
  74  8:11  Starport  
  76  8:16  Banshee  
  76  8:18  Factory Reactor  
  106  9:15  Banshee  
  104  9:18  Terran Vehicle And Ship Armor Level 1  
  110  9:38  Command Center  
  113  9:43  Terran Infantry Weapons Level 2  
  113  9:44  Terran Infantry Armor Level 2  
Spawning Tool Build Advisor. Get it on Overwolf

Go to:

Details

  • Created by: PiG      
  • Published on: Aug 11, 2019
  • Patch: 4.7.1
Show
View Real Time Build Order
Export as new Build Order

Comments (0)

There are no comments. Be the first!

Create an account to comment!